3AAA
SYLVANIA MAPLE LEAVES @ GRYFINDOR BRAVES
06/20/2018
 
TOP OF THE 1ST
Sylvania Maple Leaves batting - Pitching for Gryfindor Braves : LHP Floyd Oglethorpe
Pitching: LHP Floyd Oglethorpe
Batting: RHB Kenny Norton 0-0: Called Strike
0-1: Called Strike
0-2: Ball
1-2: Ball
2-2: Strikes out swinging
Batting: RHB Vernon Caw 0-0: Swinging Strike
0-1: Called Strike
0-2: Foul Ball, location: 2F
0-2: Ball
1-2: Ball
2-2: Reached on error, E5 (Groundball, 56)
Batting: RHB Nick McKnight 0-0: Ground out 5-3 (Groundball, 5)
Batting: LHB Nathan Santos 0-0: Ball
1-0: Swinging Strike
1-1: Ball
2-1: DOUBLE (Line Drive, 3D)
Vernon Caw scores
Batting: RHB Bernardo Márquez 0-0: Fly out, F8 (Flyball, 8RM)
Top of the 1st over - 1 run(s), 1 hit(s), 1 error(s), 1 left on base; Sylvania 1 - Gryfindor 0
BOTTOM OF THE 1ST
Gryfindor Braves batting - Pitching for Sylvania Maple Leaves : LHP Jim Unknown
Pitching: LHP Jim Unknown
Batting: RHB Jong-duk Kim 0-0: SINGLE (Flyball, 9S)
Batting: RHB Jim Unknown 0-0: Fly out, F8 (Flyball, 8RD)
Batting: RHB Jim Unknown 0-0: Ball
1-0: Ball
2-0: Ball
3-0: Called Strike
3-1: SINGLE (Groundball, 5D)
Jong-duk Kim to second
Batting: RHB Jim Unknown 0-0: Called Strike
0-1: Ball
1-1: Foul Ball, location: 2F
1-2: Ball
2-2: Strikes out looking
Batting: RHB Jim Unknown 0-0: Ball
1-0: Foul Ball, location: 2F
1-1: Swinging Strike
1-2: DOUBLE (Flyball, 9LM)
Jong-duk Kim scores
Jim Unknown to third
Runner from 3rd tries for Home, SAFE, no throw or cutoff
Batting: RHB Jim Unknown 0-0: Called Strike
0-1: Swinging Strike
0-2: Ball
1-2: Ball
2-2: Strikes out looking
Bottom of the 1st over - 2 run(s), 3 hit(s), 0 error(s), 1 left on base; Sylvania 1 - Gryfindor 2
TOP OF THE 2ND
Sylvania Maple Leaves batting - Pitching for Gryfindor Braves : LHP Floyd Oglethorpe
Batting: RHB Ingo van Ham 0-0: Ball
1-0: Ball
2-0: Called Strike
2-1: Called Strike
2-2: SOLO HOME RUN (Flyball, 7D), Distance : 388 ft
Batting: RHB Jim Unknown 0-0: Ball
1-0: Called Strike
1-1: Foul Ball, location: 2F
1-2: Ball
2-2: Foul Ball, location: 2F
2-2: Fly out, F9 (Flyball, 9S)
Batting: RHB José Valdéz 0-0: Ball
1-0: Swinging Strike
1-1: Fly out, F3 (Popup, 3L)
Batting: LHB Carl Pierce 0-0: Ground out 4-3 (Groundball, 4)
Top of the 2nd over - 1 run(s), 1 hit(s), 0 error(s), 0 left on base; Sylvania 2 - Gryfindor 2
BOTTOM OF THE 2ND
Gryfindor Braves batting - Pitching for Sylvania Maple Leaves : LHP Jim Unknown
Batting: RHB José Casarreal 0-0: Ball
1-0: SINGLE (Line Drive, 3D)
Batting: RHB Jim Unknown 0-0: Called Strike
0-1: Foul Ball, location: 2F
0-2: Ball
1-2: Fly out, F4 (Popup, 3DF)
Batting: RHB Jim Unknown 0-0: Ball
1-0: Ball
2-0: Ball
3-0: Base on Balls
José Casarreal to second
Batting: RHB Jong-duk Kim 0-0: Ball
1-0: Ball
2-0: Foul Ball, location: 2F
2-1: Foul Ball, location: 2F
2-2: Ball
3-2: Hit by Pitch
José Casarreal to third
Jim Unknown to second
Batting: RHB Jim Unknown 0-0: Called Strike
0-1: Ball
1-1: Ball
2-1: Foul Ball, location: 2F
2-2: Ball
3-2: Base on Balls
José Casarreal scores
Jim Unknown to third
Jong-duk Kim to second
Batting: RHB Jim Unknown 0-0: Ball
1-0: Called Strike
1-1: Ball
2-1: Foul Ball, location: 2F
2-2: DOUBLE (Flyball, 8LXD)
Jim Unknown scores
Jong-duk Kim scores
Jim Unknown to third
Pitching: LHP Han Sawallisch
Batting: RHB Jim Unknown 0-0: Ground out 5-3 (Groundball, 5S)
Batting: RHB Jim Unknown 0-0: Ground out 6-3 (Groundball, 6M)
Bottom of the 2nd over - 3 run(s), 2 hit(s), 0 error(s), 2 left on base; Sylvania 2 - Gryfindor 5
TOP OF THE 3RD
Sylvania Maple Leaves batting - Pitching for Gryfindor Braves : LHP Floyd Oglethorpe
Batting: RHB Kenny Norton 0-0: Ball
1-0: Foul Ball, location: 2F
1-1: Ball
2-1: Ball
3-1: Base on Balls
Batting: RHB Vernon Caw 0-0: Ball
1-0: Foul Ball, location: 2F
1-1: Called Strike
1-2: SINGLE (Flyball, 78S)
Kenny Norton to second
Batting: RHB Nick McKnight 0-0: SINGLE (Line Drive, 6M)
Kenny Norton to third
Vernon Caw to second
Runner from 3rd tries for Home, SAFE, no throw or cutoff
Batting: LHB Nathan Santos 0-0: Called Strike
0-1: Foul Ball, location: 2F
0-2: Hit by Pitch
Vernon Caw to third
Nick McKnight to second
Batting: RHB Bernardo Márquez 0-0: Foul Ball, location: 2F
0-1: Ball
1-1: Ball
2-1: Foul Ball, location: 2F
2-2: SINGLE (Line Drive, 8LS)
Vernon Caw scores
Nick McKnight to third
Nathan Santos to second
Batting: RHB Ingo van Ham 0-0: Grounds into double play, 6-4-3 (Groundball, 6)
Nick McKnight scores
Nathan Santos to third
Batting: RHB Jim Unknown 0-0: Called Strike
0-1: Ball
1-1: SINGLE (Line Drive, 89M)
Nathan Santos scores
Pitching: RHP Sandro So Payo
Batting: RHB José Valdéz 0-0: Called Strike
0-1: Swinging Strike
0-2: Foul Ball, location: 2F
0-2: Ball
1-2: SINGLE (Line Drive, 5D)
Jim Unknown to second
Batting: LHB Carl Pierce 0-0: Fly out, F7 (Flyball, 7LD)
Top of the 3rd over - 4 run(s), 5 hit(s), 0 error(s), 2 left on base; Sylvania 6 - Gryfindor 5
BOTTOM OF THE 3RD
Gryfindor Braves batting - Pitching for Sylvania Maple Leaves : LHP Han Sawallisch
Batting: RHB Jim Unknown 0-0: Foul Ball, location: 2F
0-1: Ball
1-1: Ball
2-1: Foul Ball, location: 2F
2-2: Foul Ball, location: 2F
2-2: SOLO HOME RUN (Flyball, 8LXD), Distance : 438 ft
Batting: RHB José Casarreal 0-0: SINGLE (Groundball, 4D)
Batting: RHB Jim Unknown 0-0: Ball
1-0: Grounds into double play, 5-4-3 (Groundball, 5)
Batting: RHB Jim Unknown 0-0: Ball
1-0: Called Strike
1-1: SINGLE (Groundball, 4D)
Batting: RHB Jong-duk Kim 0-0: Called Strike
0-1: Called Strike
0-2: Foul Ball, location: 2F
0-2: DOUBLE (Line Drive, 9LM)
Jim Unknown to third
Batting: RHB Jim Unknown 0-0: Ball
1-0: Called Strike
1-1: Ground out 6-3 (Groundball, 6)
Bottom of the 3rd over - 1 run(s), 4 hit(s), 0 error(s), 2 left on base; Sylvania 6 - Gryfindor 6
TOP OF THE 4TH
Sylvania Maple Leaves batting - Pitching for Gryfindor Braves : RHP Sandro So Payo
Batting: RHB Kenny Norton 0-0: Fly out, F8 (Flyball, 8RM)
Batting: RHB Vernon Caw 0-0: Foul Ball, location: 2F
0-1: Foul Ball, location: 2F
0-2: Foul Ball, location: 2F
0-2: Ball
1-2: Ground out 5-3 (Groundball, 5)
Batting: RHB Nick McKnight 0-0: Foul Ball, location: 2F
0-1: Fly out, F7 (Flyball, 78M)
Top of the 4th over - 0 run(s), 0 hit(s), 0 error(s), 0 left on base; Sylvania 6 - Gryfindor 6
BOTTOM OF THE 4TH
Gryfindor Braves batting - Pitching for Sylvania Maple Leaves : LHP Han Sawallisch
Batting: RHB Jim Unknown 0-0: Swinging Strike
0-1: Ball
1-1: Foul Ball, location: 2F
1-2: Ball
2-2: Ball
3-2: Strikes out looking
Batting: RHB Jim Unknown 0-0: Ball
1-0: Foul Ball, location: 2F
1-1: Ground out 5-3 (Groundball, 5L)
Batting: RHB Jim Unknown 0-0: Called Strike
0-1: Ball
1-1: Swinging Strike
1-2: Strikes out swinging
Bottom of the 4th over - 0 run(s), 0 hit(s), 0 error(s), 0 left on base; Sylvania 6 - Gryfindor 6
TOP OF THE 5TH
Sylvania Maple Leaves batting - Pitching for Gryfindor Braves : RHP Sandro So Payo
Batting: LHB Nathan Santos 0-0: Called Strike
0-1: Foul Ball, location: 2F
0-2: Ground out 6-3 (Groundball, 6)
Batting: RHB Bernardo Márquez 0-0: Ground out 4-3 (Groundball, 4M)
Batting: RHB Ingo van Ham 0-0: Ball
1-0: Ball
2-0: Ball
3-0: Called Strike
3-1: Fly out, F4 (Popup, 4)
Top of the 5th over - 0 run(s), 0 hit(s), 0 error(s), 0 left on base; Sylvania 6 - Gryfindor 6
BOTTOM OF THE 5TH
Gryfindor Braves batting - Pitching for Sylvania Maple Leaves : LHP Han Sawallisch
Batting: RHB Jim Unknown 0-0: Ball
1-0: Ball
2-0: Foul Ball, location: 2F
2-1: Foul Ball, location: 2F
2-2: Foul Ball, location: 2F
2-2: SOLO HOME RUN (Flyball, 8RXD), Distance : 438 ft
Batting: RHB José Casarreal 0-0: Called Strike
0-1: Fly out, F8 (Line Drive, 8RM)
Batting: RHB Jim Unknown 0-0: SOLO HOME RUN (Flyball, 7LD), Distance : 354 ft
Pitching: LHP Wilson Castillo
Batting: RHB Jim Unknown 0-0: Called Strike
0-1: Ball
1-1: Fly out, F8 (Flyball, 8RM)
Batting: RHB Jong-duk Kim 0-0: Swinging Strike
0-1: Ball
1-1: Called Strike
1-2: Ball
2-2: Fly out, F9 (Flyball, 9D)
Bottom of the 5th over - 2 run(s), 2 hit(s), 0 error(s), 0 left on base; Sylvania 6 - Gryfindor 8
TOP OF THE 6TH
Sylvania Maple Leaves batting - Pitching for Gryfindor Braves : RHP Sandro So Payo
Batting: RHB Jim Unknown 0-0: Ball
1-0: Ground out 5-3 (Groundball, 5)
Batting: RHB José Valdéz 0-0: Ground out 6-3 (Groundball, 56)
Batting: LHB Carl Pierce 0-0: Ground out 1-3 (Groundball, 34S)
Top of the 6th over - 0 run(s), 0 hit(s), 0 error(s), 0 left on base; Sylvania 6 - Gryfindor 8
BOTTOM OF THE 6TH
Gryfindor Braves batting - Pitching for Sylvania Maple Leaves : LHP Wilson Castillo
Batting: RHB Jim Unknown 0-0: Ball
1-0: Foul Ball, location: 2F
1-1: Ground out 4-3 (Groundball, 4M)
Batting: RHB Jim Unknown 0-0: Swinging Strike
0-1: Swinging Strike
0-2: Foul Ball, location: 2F
0-2: SINGLE (Line Drive, 4MD)
Batting: RHB Jim Unknown 0-0: Called Strike
0-1: Foul Ball, location: 2F
0-2: Foul Ball, location: 2F
0-2: Foul Ball, location: 2F
0-2: Ball
1-2: Fly out, F9 (Flyball, 89S)
Batting: RHB Jim Unknown 0-0: Ball
1-0: Called Strike
1-1: Ball
2-1: Foul Ball, location: 2F
2-2: Strikes out looking
Bottom of the 6th over - 0 run(s), 1 hit(s), 0 error(s), 1 left on base; Sylvania 6 - Gryfindor 8
TOP OF THE 7TH
Sylvania Maple Leaves batting - Pitching for Gryfindor Braves : RHP Sandro So Payo
Pitching: RHP Bill Wilson
Batting: RHB Kenny Norton 0-0: Called Strike
0-1: Ball
1-1: Ball
2-1: Ball
3-1: Base on Balls
Batting: RHB Vernon Caw 0-0: Swinging Strike
0-1: Foul Ball, location: 2F
0-2: Foul Ball, location: 2F
0-2: Ball
Single, Error in OF, E8, batter to second base
Kenny Norton to third
Batting: RHB Nick McKnight 0-0: Foul Ball, location: 2F
0-1: Ground out 6-3 (Groundball, 6)
Kenny Norton scores
Batting: LHB Nathan Santos 0-0: Foul Ball, location: 2F
0-1: Ball
1-1: Swinging Strike
1-2: Foul Ball, location: 2F
1-2: Hit by Pitch
Batting: RHB Bernardo Márquez 0-0: Called Strike
0-1: SINGLE (Line Drive, 7LS)
Vernon Caw to third
Nathan Santos to second
Batting: RHB Ingo van Ham 0-0: Foul Ball, location: 2F
0-1: Swinging Strike
0-2: Ball
1-2: Strikes out swinging
Batting: RHB Jim Unknown 0-0: Called Strike
0-1: Ball
1-1: Ball
2-1: Ball
3-1: Ground out 6-3 (Groundball, 56D)
Top of the 7th over - 1 run(s), 2 hit(s), 1 error(s), 3 left on base; Sylvania 7 - Gryfindor 8
BOTTOM OF THE 7TH
Gryfindor Braves batting - Pitching for Sylvania Maple Leaves : LHP Wilson Castillo
Batting: RHB Jim Unknown 0-0: Ball
1-0: Ball
2-0: Ball
3-0: Base on Balls
Batting: RHB José Casarreal 0-0: TRIPLE (Groundball, 3L)
Jim Unknown scores
Batting: RHB Jim Unknown 0-0: Intentional Walk
Batting: RHB Jim Unknown 0-0: Called Strike
0-1: Ball
1-1: Called Strike
1-2: Strikes out swinging
Pitching: RHP Abel Blok
Batting: RHB Jong-duk Kim 0-0: Foul Ball, location: 2F
0-1: Ball
1-1: Ball
2-1: Fly out, F8 (Flyball, 8LS)
Batting: RHB Jim Unknown 0-0: Called Strike
0-1: Foul Ball, location: 2F
0-2: Strikes out swinging
Bottom of the 7th over - 1 run(s), 1 hit(s), 0 error(s), 2 left on base; Sylvania 7 - Gryfindor 9
TOP OF THE 8TH
Sylvania Maple Leaves batting - Pitching for Gryfindor Braves : RHP Bill Wilson
Batting: RHB José Valdéz 0-0: Called Strike
0-1: Swinging Strike
0-2: Ball
1-2: Strikes out looking
Pitching: LHP Dave Davis
Batting: LHB Carl Pierce 0-0: Foul Ball, location: 2F
0-1: Foul Ball, location: 2F
0-2: Ball
1-2: SINGLE (Flyball, 8RS)
Pitching: LHP Keith Hall
Batting: RHB Kenny Norton 0-0: Foul Ball, location: 2F
0-1: Ball
1-1: Ball
2-1: Called Strike
2-2: SINGLE (Line Drive, 6M)
Carl Pierce to second
Pitching: RHP Dave Hindman
Batting: RHB Vernon Caw 0-0: Ball
1-0: Called Strike
1-1: Reached on error, E1 (Groundball, 25)
Carl Pierce to third
Kenny Norton to second
Batting: RHB Nick McKnight 0-0: Called Strike
0-1: Called Strike
0-2: Strikes out looking
Pitching: LHP Kyle Miller
Batting: LHB Nathan Santos 0-0: Ball
1-0: Ball
2-0: Ball
3-0: Base on Balls
Carl Pierce scores
Kenny Norton to third
Vernon Caw to second
Pitching: RHP Doug Sand
Batting: RHB Bernardo Márquez 0-0: Called Strike
0-1: Fly out, F7 (Line Drive, 7S)
Top of the 8th over - 1 run(s), 2 hit(s), 1 error(s), 3 left on base; Sylvania 8 - Gryfindor 9
BOTTOM OF THE 8TH
Gryfindor Braves batting - Pitching for Sylvania Maple Leaves : RHP Abel Blok
Batting: RHB Jim Unknown 0-0: Ball
1-0: Called Strike
1-1: Ground out 1-3 (Groundball, 15)
Batting: RHB Jim Unknown 0-0: Called Strike
0-1: Called Strike
0-2: Strikes out swinging
Batting: RHB Jim Unknown 0-0: Ball
1-0: Ball
2-0: Foul Ball, location: 2F
2-1: Fly out, F6 (Line Drive, 6)
Bottom of the 8th over - 0 run(s), 0 hit(s), 0 error(s), 0 left on base; Sylvania 8 - Gryfindor 9
TOP OF THE 9TH
Sylvania Maple Leaves batting - Pitching for Gryfindor Braves : RHP Doug Sand
Pitching: RHP Doug Dickson
Batting: RHB Ingo van Ham 0-0: Foul Ball, location: 2F
0-1: Fly out, F3 (Popup, 23F)
Batting: RHB Jim Unknown 0-0: Ball
1-0: Called Strike
1-1: Foul Ball, location: 2F
1-2: Ball
2-2: Ball
3-2: Base on Balls
Pinch Hitting: LHB Jim Unknown 0-0: Ball
1-0: Called Strike
1-1: Swinging Strike
1-2: Ball
Wild Pitch!
Jim Unknown to second
2-2: Foul Ball, location: 2F
2-2: Ball
3-2: Base on Balls
Batting: LHB Carl Pierce 0-0: Foul Ball, location: 2F
0-1: SINGLE (Line Drive, 4MD)
Jim Unknown to third
Jim Unknown to second
Runner from 3rd tries for Home, SAFE, throw made home
Jim Unknown to third
Carl Pierce to second
Pinch Hitting: LHB Rafael Álvarez 0-0: Ball
1-0: Ball
2-0: Ball
3-0: Called Strike
3-1: Swinging Strike
3-2: Base on Balls
Batting: RHB Vernon Caw 0-0: Called Strike
0-1: Swinging Strike
0-2: Ball
1-2: Ball
2-2: Ball
3-2: Fly out, F7 (Flyball, 7LM)
Batting: RHB Nick McKnight 0-0: Ball
1-0: Swinging Strike
1-1: Ball
2-1: Foul Ball, location: 2F
2-2: Foul Ball, location: 2F
2-2: DOUBLE (Line Drive, 7LS)
Jim Unknown scores
Carl Pierce scores
Rafael Álvarez to third
Pitching: LHP Ken Burton
Batting: LHB Nathan Santos 0-0: Foul Ball, location: 2F
0-1: Ball
1-1: Foul Ball, location: 2F
1-2: Ball
2-2: Fly out, F7 (Flyball, 7LM)
Top of the 9th over - 3 run(s), 2 hit(s), 0 error(s), 2 left on base; Sylvania 11 - Gryfindor 9
BOTTOM OF THE 9TH
Gryfindor Braves batting - Pitching for Sylvania Maple Leaves : RHP Abel Blok
Pitching: RHP Kenny DeBenham
Now in LF: Jim Unknown
Now in RF: Jim Unknown
Batting: RHB Jim Unknown 0-0: Ball
1-0: Called Strike
1-1: Ball
2-1: Ball
3-1: Base on Balls
Batting: RHB José Casarreal 0-0: Fly out, F7 (Flyball, 78M)
Batting: RHB Jim Unknown 0-0: Foul Ball, location: 2F
0-1: Ball
1-1: Foul Ball, location: 2F
1-2: Strikes out looking
Batting: RHB Jim Unknown 0-0: Fielders Choice at 2nd, U4 (Groundball, 4M)
Bottom of the 9th over - 0 run(s), 0 hit(s), 0 error(s), 1 left on base; Sylvania 11 - Gryfindor 9
This league is powered by Out of the Park Baseball, the baseball management simulation game for PC, Mac and Linux
Monday, May 4th, 2015 - OOTP Baseball 15.6 Build 34